 Dungeon Crawl Stone Soup version 0.29-a0-902-g0f71de6fce (webtiles) character file.

Game seed: 3510655412670496300

1453 wilfster70 the Carver (level 8, -1/97 HPs)
             Began as a Demonspawn Berserker on July 24, 2022.
             Was a Priest of Trog.
             Slain by Duvessa
             ... wielding a +3 short sword of holy wrath
              (5 damage)
             ... on level 6 of the Dungeon.
             The game lasted 00:11:55 (5759 turns).

wilfster70 the Carver (Demonspawn Berserker)        Turns: 5759, Time: 00:11:55

Health: -1/97      AC: 11    Str: 19    XL:     8   Next: 47%
Magic:  8/8        EV:  7    Int:  9    God:    Trog [***...]
Gold:   241        SH:  0    Dex: 13    Spells: 7/7 levels left

rFire   . . .      SeeInvis .   b - +3 dagger (venom)
rCold   . . .      Faith    .   (no shield)
rNeg    + + .      Spirit   .   t - +0 chain mail
rPois   .          Reflect  .   (helmet restricted)
rElec   .          Harm     .   (no cloak)
rCorr   .          Rampage  .   (no gloves)
Will    ++...                   (no boots)
Stlth   ..........              h - amulet of regeneration
HPRegen 2.06/turn               j - ring of positive energy
MPRegen 0.11/turn               g - ring of positive energy

@: berserking, strong-willed, regenerating, very quick
A: antennae 1, icy blue scales 2, demonic guardian 1, condensation shield
a: Renounce Religion, Berserk, Trog's Hand


You were on level 6 of the Dungeon.
You worshipped Trog.
Trog was most pleased with you.
You visited 1 branch of the dungeon, and saw 6 of its levels.

You collected 241 gold pieces.

Inventory:

Hand Weapons
 a - a +0 falchion
 b - a +3 dagger of venom (weapon)
Missiles
 e - 3 throwing nets (quivered)
 o - 11 poisoned darts
Armour
 t - a +0 chain mail (worn)
Jewellery
 g - a ring of positive energy (right hand)
 h - an amulet of regeneration (around neck)
 j - a ring of positive energy (left hand)
 s - a ring of willpower
Wands
 k - a wand of acid (12)
 n - a wand of mindburst (13)
 p - a wand of paralysis (9)
 v - a wand of flame (2)
Scrolls
 l - 3 scrolls of teleportation
Potions
 c - 3 potions of heal wounds
 d - a potion of berserk rage
 f - a potion of flight
 i - a potion of haste {unknown}
 m - 3 potions of mutation
 q - 2 potions of curing
 r - a potion of might {unknown}
 u - a potion of ambrosia {unknown}


   Skills:
 + Level 6.7 Fighting
 * Level 8.4 Long Blades
 - Level 1.7 Armour
 - Level 1.7 Dodging


You had 7 spell levels left.
You didn't know any spells.
Your spell library contained the following spells:

 Spells                   Type           Power      Damage    Failure   Level
 Apportation              Tloc           0%         N/A       99%         1
 Beastly Appendage        Tmut           0%         N/A       99%         1
 Necrotise                Necr           0%         1d4       99%         1
 Summon Small Mammal      Summ           0%         N/A       99%         1
 Static Discharge         Conj/Air       0%         3-3/arc   100%        2
 Wereblood                Tmut           0%         N/A       100%        2
 Gell's Gravitas          Tloc           0%         N/A       100%        3
 Spider Form              Tmut/Pois      0%         N/A       100%        3
 Teleport Other           Tloc           0%         N/A       100%        3
 Dispersal                Tloc           0%         N/A       100%        6


Dungeon Overview and Level Annotations

Branches:
Dungeon (6/15)             Temple (0/1) D:6

Altars:
Cheibriados
Kikubaaqudgha
Sif Muna
Trog

Annotations:
D:6 Dowan, Duvessa


Innate Abilities, Weirdness & Mutations

You have a pair of small antennae on your head.
You are mostly covered in icy blue scales. (AC +3)
A weak demonic guardian rushes to your aid.
A meltable shield of frost defends you. (SH +0)


Message History

Something hits you but does no damage. The bullfrog closely misses you.
Dowan drinks a potion.
Dowan's spells are empowered!
The bullfrog attacks as you move away! The bullfrog closely misses you.
Something hits you but does no damage. Dowan barely misses you.
The bullfrog completely misses you. The bullfrog barely misses you.
Dowan gestures at you while chanting. The puff of flame hits you!
The bullfrog attacks as you move away!
The bullfrog hits you but does no damage.
Dowan attacks as you move away! Dowan hits you with a +0 dagger.
Something hits you!
A demonic guardian appears!
You convulse!
Dowan barely misses your white imp.
The bullfrog hits you but does no damage.
The bullfrog attacks as you move away! The bullfrog hits you!
Dowan hits your white imp with a +0 dagger.
Your white imp hits Dowan.
Your white imp freezes Dowan.
Something hits you but does no damage.
Your white imp hits something but does no damage.
Your white imp barely misses the bullfrog.
Your skin crawls.
You feel strong-willed.
The bullfrog snags a nearby mosquito with its tongue.
Something hits you!
* * * LOW HITPOINT WARNING * * *
You convulse.
* * * LOW HITPOINT WARNING * * *
Your white imp misses the adder.
A red film seems to cover your vision as you go berserk!
You feel yourself moving faster!
You feel mighty!
You can no longer call in reinforcements.
Something hits you!
* * * LOW HITPOINT WARNING * * *
You convulse.
* * * LOW HITPOINT WARNING * * *
Your white imp hits Dowan but does no damage.
You barely miss something. Something hits you.
* * * LOW HITPOINT WARNING * * *
You convulse.
You die...

#..⌠...⌠..#....#.#..##.
###.........#....#.#..##.
.......>.........#.#..##.
#.........#....#.#...#.
..#..⌠...⌠..#....#.#<#.#.
................##.###...
..#......S{5######.......
.##.##.##e## ##......
.......@{F# #......
....######## #)..... ...
#...... ... #......
#....#. #....#. #....#.
########....#.
#...........#.


You could see Dowan (empowered, ally target), a bullfrog and a friendly white
imp (summoned).

Vanquished Creatures
  2 orc warriors (D:5)
  A sky beast (D:6)
  A black bear (D:6)
  A phantom (D:6)
  Blork the orc (D:6)
  A bullfrog (D:6)
  A necrophage (D:4)
  A scorpion (D:2)
  3 orc priests
  3 hounds
  A gnoll bouda (D:4)
  3 iguanas
  6 orc wizards
  Robin (D:3)
  4 gnolls (D:2)
  4 adders
  A white imp (D:6)
  2 ufetubi
  A worm (D:3)
  4 dart slugs
  19 orcs
  9 endoplasms
  3 giant cockroaches
  13 hobgoblins
  7 jackals
  3 kobolds
  A quokka (D:1)
  8 ball pythons
  4 bats
  6 frilled lizards
  21 goblins
  8 rats
144 creatures vanquished.

Vanquished Creatures (collateral kills)
  A hound (D:5)
  An orc wizard (D:4)
  An adder (D:5)
  2 orcs (D:4)
5 creatures vanquished.

Grand Total: 149 creatures vanquished

Notes
Turn   | Place    | Note
-------+----------+-------------------------------------------
     0 | D:1      | wilfster70 the Demonspawn Berserker began the quest for the
                  | Orb.
     0 | D:1      | Reached XP level 1. HP: 18/18 MP: 1/1
   181 | D:1      | Reached skill level 3 in Long Blades
   223 | D:1      | Gained mutation: You are partially covered in icy blue
                  | scales. (AC +2) [demonic ancestry]
   223 | D:1      | Reached XP level 2. HP: 14/24 MP: 2/2
   542 | D:1      | Reached ** piety under Trog
   651 | D:1      | Gained mutation: You have a pair of small antennae on your
                  | head. [demonic ancestry]
   651 | D:1      | Reached XP level 3. HP: 29/29 MP: 3/3
  1140 | D:2      | Noticed a scorpion
  1158 | D:2      | Killed a scorpion
  1159 | D:2      | Reached skill level 4 in Long Blades
  1159 | D:2      | Reached XP level 4. HP: 28/37 MP: 4/4
  1425 | D:2      | You fall into a shaft and drop 1 floor!
  1980 | D:2      | Gained mutation: You are mostly covered in icy blue scales.
                  | (AC +3) [demonic ancestry]
  1980 | D:2      | Reached XP level 5. HP: 9/42 MP: 5/5
  2480 | D:3      | Noticed Robin
  2510 | D:3      | Killed Robin
  2514 | D:3      | Reached *** piety under Trog
  2518 | D:3      | Reached skill level 5 in Long Blades
  3070 | D:4      | Gained mutation: A weak demonic guardian rushes to your
                  | aid. [demonic ancestry]
  3070 | D:4      | Reached XP level 6. HP: 33/49 MP: 6/6
  3615 | D:4      | Found an ancient bone altar of Kikubaaqudgha.
  3665 | D:4      | Reached skill level 5 in Fighting
  3665 | D:4      | Reached skill level 6 in Long Blades
  3771 | D:4      | Gained mutation: A meltable shield of frost defends you.
                  | (SH +0) [demonic ancestry]
  3771 | D:4      | Reached XP level 7. HP: 36/56 MP: 7/7
  4046 | D:5      | Entered Level 5 of the Dungeon
  4617 | D:5      | Found a shimmering blue altar of Sif Muna.
  4642 | D:5      | Reached skill level 7 in Long Blades
  4684 | D:5      | Got Sif Muna's Quarto of the Birds
  4689 | D:5      | Found a bloodstained altar of Trog.
  4767 | D:5      | Found a snail-covered altar of Cheibriados.
  5051 | D:6      | Reached XP level 8. HP: 64/64 MP: 8/8
  5224 | D:6      | Reached skill level 8 in Long Blades
  5516 | D:6      | Reached **** piety under Trog
  5708 | D:6      | Noticed Blork the orc
  5726 | D:6      | Killed Blork the orc
  5735 | D:6      | Found a staircase to the Ecumenical Temple.
  5743 | D:6      | Noticed Duvessa
  5743 | D:6      | Noticed Dowan
  5759 | D:6      | HP: 4/97 [something (4)]
  5759 | D:6      | Slain by Duvessa

Illustrated notes

Levels and vault maps discovered:
D:1:      dpeg_arrival_rhombus, layout_loops_ring,
          hangedman_abyss_or_decor_lesser_grid, kennysheep_doodads
D:2:      layout_basic
D:3:      layout_loops_ring, mainiacjoe_overflow_concentric_impassable,
          uniq_robin
D:4:      layout_cave_pools, nicolae_overflow_crystal_walls,
          minmay_splitting_lines, serial_park_tiny_pond, nicolae_eternal_life,
          st_stairs_7, minivault_24
D:5:      layout_cave_pools, nzn_overflow_gifts_of_might_and_magic,
          kennysheep_slug_shrine
D:6:      layout_basic, lemuel_round_altar, minmay_temple_entry_large_hall,
          uniq_duvessa, uniq_blork_the_orc

Skill      XL: |  1  2  3  4  5  6  7  8 |
---------------+-------------------------+-----
Long Blades    | 3 4 5 6 7 8 |  8.4
Fighting       | 4 5 6 |  6.7
Armour         | |  1.7
Dodging        | |  1.7

Action                   |  1- 3 |  4- 6 |  7- 9 || total
-------------------------+-------+-------+-------++-------
Melee: Falchion          |    16 |    14 |    47 ||    77
       Dagger            |    75 |   294 |   147 ||   516
       Punch             |     2 |     2 |     4 ||     8
Invok: Berserk           |       |     2 |     4 ||     6
       Trog's Hand       |       |     2 |     2 ||     4
  Use: Scroll            |       |     9 |     6 ||    15
 Stab: Sleeping          |     1 |       |       ||     1
       Distracted        |       |       |     1 ||     1
Armor: Animal skin       |    15 |       |       ||    15
       Leather armour    |     6 |    21 |       ||    27
       Ring mail         |       |   101 |    18 ||   119
       Chain mail        |       |       |    84 ||    84
Dodge: Dodged            |    52 |   187 |    59 ||   298
Block: Other             |       |       |    33 ||    33

Table legend: (Time is in decaauts)
 A = Elapsed time spent in this place.
 B = Non-inter-level travel time spent in this place.
 C = Inter-level travel time spent in this place.
 D = Time resting spent in this place.
 E = Time spent auto-exploring this place.
 F = Levels seen in this place.
 G = Mean time per level.
                   A        B        C        D        E       F      G
               +--------+--------+--------+--------+--------+-----+--------+
         Total |   5710 |   5554 |    156 |   1033 |   2684 |   6 |  951.7 |
       Dungeon |   5710 |   5554 |    156 |   1033 |   2684 |   6 |  951.7 |
               +--------+--------+--------+--------+--------+-----+--------+

Top non-repeatable levels by time:
     D:4: 1299 daAuts
     D:1: 1114 daAuts
     D:2: 1101 daAuts
     D:3: 803 daAuts
     D:6: 721 daAuts
     D:5: 670 daAuts
